 Dungeon Crawl Stone Soup version 0.30-a0-371-gad7725a93e (webtiles) character file.

Game seed: 6397351275134928481

666 bande the Chopper (level 7, -12/44 HPs)
             Began as a Gargoyle Fighter on Nov 23, 2022.
             Was an Initiate of Okawaru.
             Mangled by Edmund
             ... wielding a +3 flail of distortion
              (19 damage)
             ... on level 6 of the Dungeon.
             The game lasted 00:09:03 (4711 turns).

bande the Chopper (Gargoyle Fighter)                Turns: 4711, Time: 00:09:04

Health: -12/44     AC: 17    Str: 20    XL:     7   Next: 57%
Magic:  0/7        EV:  7    Int:  8    God:    Okawaru [......]
Gold:   289        SH:  5    Dex: 15    Spells: 6/6 levels left

rFire   . . .      SeeInvis .    a - +0 war axe (drain)
rCold   + . .      Faith    .    c - +0 buckler
rNeg    + + .      Spirit   +    r - +0 chain mail
rPois   ∞          Reflect  .    p - +0 helmet "Uxidghu" {rElec Dex+4}
rElec   +          Harm     .    (no cloak)
rCorr   .          Rampage  .    (no gloves)
Will    .....                    w - +0 pair of boots
Stlth   ..........               l - amulet of guardian spirit
HPRegen 0.27/turn                j - ring of positive energy
MPRegen 0.10/turn                k - ring of protection from cold

@: mighty
A: sickness immunity, AC +4, negative energy resistance 1, electricity
resistance, torment resistance 1, petrification resistance
a: Renounce Religion


You were on level 6 of the Dungeon.
You worshipped Okawaru.
Okawaru was noncommittal.
You visited 2 branches of the dungeon, and saw 7 of its levels.

You collected 289 gold pieces.

Inventory:

Hand Weapons
 a - a +0 war axe of draining (weapon)
 q - a +0 morningstar
Armour
 c - a +0 buckler (worn)
 e - a +2 hat
 p - the +0 helmet "Uxidghu" (worn) {rElec Dex+4}
   (You took it off Robin on level 4 of the Dungeon)

   Dex:       It affects your dexterity (+4).
   rElec:     It insulates you from electricity.
 r - a +0 chain mail (worn)
 w - a +0 pair of boots (worn)
Jewellery
 j - a ring of positive energy (left hand)
 k - a ring of protection from cold (right hand)
 l - an amulet of guardian spirit (around neck)
Wands
 s - a wand of mindburst (15)
Scrolls
 f - 5 scrolls of teleportation
Potions
 b - a potion of haste
 d - a potion of might
 g - 3 potions of curing
 h - a potion of mutation {unknown}
 i - a potion of lignification {unknown}
 m - 3 potions of heal wounds
 n - a potion of ambrosia {unknown}
 o - 2 potions of brilliance {unknown}
 t - a potion of resistance {unknown}
 u - a potion of degeneration {unknown}


   Skills:
 + Level 4.7 Fighting
 + Level 5.4 Axes
 + Level 4.9 Armour
 + Level 4.3 Shields
 * Level 1.0 Invocations
 * Level 1.1 Evocations


You had 6 spell levels left.
You didn't know any spells.
Your spell library contained the following spells:

 Spells                   Type           Power      Damage    Failure   Level
 Anguish                  Hex/Necr       0%         N/A       100%        4
 Enfeeble                 Hex            0%         N/A       100%        7
 Storm Form               Tmut/Air       0%         N/A       100%        7
 Maxwell's Capacitive Co  Air            0%         ∞         100%        8
 Summon Lightning Spire   Summ/Air       Unusable   N/A       N/A         4

Dungeon Overview and Level Annotations

Branches:
Dungeon (6/15)             Temple (1/1) D:5

Altars:
Ashenzari
Cheibriados
Dithmenos
Elyvilon
Fedhas
Gozag
Hepliaklqana
Kikubaaqudgha
Makhleb
Nemelex Xobeh
Okawaru
Qazlal
Ru
Sif Muna
Trog
Uskayaw
Vehumet
Wu Jian
Xom
Yredelemnul
Zin
The Shining One

Shops:
D:5 (

Annotations:
D:6 Edmund


Innate Abilities, Weirdness & Mutations

You are immune to sickness and miasma.
Your stone body is resilient. (AC +4)
You are immune to poison.
You resist negative energy. (rN+)
You are resistant to electric shocks. (rElec)
You are resistant to unholy torment.
You are immune to petrification.


Message History

Done exploring.
Done exploring.
There is a stone staircase leading down here.
Done exploring.
You climb downwards.
There is a stone staircase leading up here.
As you read the scroll labelled UPTEBRIOCS, it crumbles to dust.
The scroll dissolves into smoke.
It was a scroll of fog.
You see here a staff of death.
Edmund the Younger comes into view.
He is wielding a +3 flail of distortion.
Edmund shouts!
Edmund asks, "Have you met my wondrous brother?"
A necrophage comes into view.
Edmund says, "People accused me of being a cutpurse!"
Edmund hits you but does no damage. Space warps around you.
You slash Edmund!
Edmund is moderately wounded.
Edmund hits you with a +3 flail of distortion.
You blink.
You barely miss the necrophage.
The necrophage hits you but does no damage.
You closely miss the necrophage. You block the necrophage's attack.
You barely miss Edmund.
Edmund is moderately wounded.
You hit the necrophage.
Edmund hits you with a +3 flail of distortion!
The necrophage hits you but does no damage. x2
Edmund hits you with a +3 flail of distortion!
You blink.
Found 7 gold pieces.
You feel very mighty all of a sudden.
Edmund hits you with a +3 flail of distortion!
Space warps around you.
* * * LOW HITPOINT WARNING * * *
You barely miss Edmund.
Edmund is moderately wounded.
You barely miss the necrophage. The necrophage barely misses you.
Edmund hits you with a +3 flail of distortion.
* * * LOW HITPOINT WARNING * * *
Space warps horribly around you!!
You die...

##. #.# #.# # #.###. #....
### #..# ##.####..#######
..#.##....n.........#
.$.......@@...#####.######
#.###########.# #......|
#.# ######## #.# #.# #.#
#.# #.#


You could see Edmund and a necrophage.

Vanquished Creatures
  A phantom (D:5)
  A necrophage (D:4)
  2 scorpions
  A hound (Temple)
  2 orc priests (D:4)
  A jelly (D:5)
  Jessica (D:2)
  2 iguanas (D:5)
  An orc wizard (D:4)
  Robin (D:4)
  3 gnolls
  6 adders
  A white imp (D:5)
  5 dart slugs
  2 orcs (D:4)
  7 endoplasms
  A giant cockroach (D:2)
  18 goblins
  5 hobgoblins
  7 jackals
  6 kobolds
  3 quokkas
  5 ball pythons
  7 bats
  4 frilled lizards
  10 rats
103 creatures vanquished.

Notes
Turn   | Place    | Note
-------+----------+-------------------------------------------
     0 | D:1      | bande the Gargoyle Fighter began the quest for the Orb.
     0 | D:1      | Reached XP level 1. HP: 14/14 MP: 1/1
   191 | D:1      | Reached XP level 2. HP: 19/19 MP: 2/2
   411 | D:1      | Reached skill level 2 in Axes
   686 | D:1      | Found a faded altar of an unknown god.
   717 | D:1      | Reached XP level 3. HP: 23/23 MP: 3/3
   828 | D:2      | Noticed Jessica
   831 | D:2      | Killed Jessica
   832 | D:2      | Reached XP level 4. HP: 29/29 MP: 4/4
  1617 | D:1      | Reached skill level 3 in Axes
  1778 | D:2      | Reached XP level 5. HP: 33/33 MP: 5/5
  2442 | D:3      | Found a radiant altar of Vehumet.
  2501 | D:3      | Found a shadowy altar of Dithmenos.
  2679 | D:3      | Found a glowing silver altar of Zin.
  2882 | D:3      | Found a burning altar of Makhleb.
  2882 | D:3      | Found a sacrificial altar of Ru.
  2887 | D:3      | Found a glowing golden altar of the Shining One.
  2890 | D:3      | Found a shimmering blue altar of Sif Muna.
  2893 | D:3      | Found a stormy altar of Qazlal.
  2909 | D:3      | Found a hide-covered altar of Uskayaw.
  3109 | D:4      | Reached XP level 6. HP: 15/38 MP: 6/6
  3113 | D:4      | Reached skill level 4 in Axes
  3461 | D:4      | Found a bloodstained altar of Trog.
  3562 | D:4      | Identified the +0 helmet "Uxidghu" {rElec Dex+4}
  3562 | D:4      | Noticed Robin
  3578 | D:4      | Killed Robin
  3935 | D:5      | Entered Level 5 of the Dungeon
  3949 | D:5      | Reached skill level 5 in Axes
  3949 | D:5      | Reached XP level 7. HP: 44/44 MP: 7/7
  3998 | D:5      | Found Huzotid's Weapon Boutique.
  4098 | D:5      | Found a staircase to the Ecumenical Temple.
  4109 | Temple   | Entered the Ecumenical Temple
  4282 | Temple   | Became a worshipper of Warmaster Okawaru
  4581 | D:5      | Reached skill level 1 in Evocations
  4596 | D:5      | Reached skill level 1 in Invocations
  4699 | D:6      | Noticed Edmund
  4711 | D:6      | Mangled by Edmund

Illustrated notes

Levels and vault maps discovered:
D:1:      minmay_arrival_four_houses, layout_basic,
          shapermc_ecumenical_altar_mp_vishouse, minmay_vboxes
D:2:      kennysheep_six_static_rooms, layout_basic, uniq_jessica
D:3:      layout_loops_ring, grunt_dithmenos_smoke,
          mainiacjoe_overflow_tiny_flanked,
          nicolae_overflow_hallway_of_the_gods, mainiacjoe_overflow_brackets
D:4:      layout_loops_ring, lemuel_round_altar, uniq_robin
D:5:      layout_loops_cross, minmay_temple_entry_water_ring, serial_shops,
          nicolae_shop_bloodbath_and_beyond
D:6:      layout_loops_ring, gammafunk_ghost_stat_death, uniq_edmund
Temple:   hellmonk_temple_forest_ring

Skill      XL: |  1  2  3  4  5  6  7 |
---------------+----------------------+-----
Axes           | 2 3 5 |  5.4
Armour         | 4 |  4.9
Fighting       | 4 |  4.7
Shields        | 4 |  4.3
Evocations     | 1 |  1.1
Invocations    | 1 |  1.0

Action                   |  1- 3 |  4- 6 |  7- 9 || total
-------------------------+-------+-------+-------++-------
Melee: War axe           |    61 |   168 |    28 ||   257
  Use: Scroll            |     5 |     4 |     6 ||    15
       Potion            |       |       |     1 ||     1
Armor: Scale mail        |    38 |    99 |       ||   137
       Chain mail        |       |    34 |    16 ||    50
Dodge: Dodged            |    29 |    99 |     8 ||   136
Block: Buckler           |    10 |    56 |     8 ||    74

Table legend: (Time is in decaauts)
 A = Elapsed time spent in this place.
 B = Non-inter-level travel time spent in this place.
 C = Inter-level travel time spent in this place.
 D = Time resting spent in this place.
 E = Time spent auto-exploring this place.
 F = Levels seen in this place.
 G = Mean time per level.
                   A        B        C        D        E       F      G
               +--------+--------+--------+--------+--------+-----+--------+
         Total |   4814 |   4611 |    203 |    724 |   2898 |   7 |  687.7 |
       Dungeon |   4628 |   4442 |    186 |    724 |   2771 |   6 |  771.3 |
        Temple |    185 |    168 |     17 |      0 |    127 |   1 |  185.0 |
               +--------+--------+--------+--------+--------+-----+--------+

Top non-repeatable levels by time:
     D:1: 1266 daAuts
     D:2: 1188 daAuts
     D:4: 921 daAuts
     D:3: 648 daAuts
     D:5: 563 daAuts
  Temple: 185 daAuts
     D:6: 39 daAuts
